 Dungeon Crawl Stone Soup version 0.18.1-48-g4cf74bf (webtiles) character file.

292 atgrul the Digger (level 6, -2/36 HPs)
             Began as a Gargoyle Earth Elementalist on Aug 4, 2016.
             Slain by a giant frog (4 damage)
             ... in a sewer.
             The game lasted 00:15:06 (4393 turns).

atgrul the Digger (Gargoyle Earth Elementalist)     Turns: 4393, Time: 00:15:07

Health: -2/36      AC:  9    Str: 18    XL:     6   Next: 33%
Magic:  7/11       EV:  9    Int: 16    God:
Gold:   103        SH:  0    Dex: 10    Spells: 1 memorised, 11 levels left

rFire  . . .     SeeInvis .     f - +0 club
rCold  . . .     Gourm    .     a - +0 robe
rNeg   + . .     Faith    .     (no shield)
rPois  ∞         Spirit   .     (no helmet)
rElec  +         Dismiss  .     (no cloak)
rCorr  .         Reflect  .     (no gloves)
SustAt .         Harm     .     (no boots)
MR     .....                    (no amulet)
Stlth  +.........               (no ring)
                                o - +3 ring of protection

@: mighty, constricted, not resistant to hostile enchantments, very unstealthy
A: negative energy resistance 1, electricity resistance, unbreathing,
petrification resistance, rot immunity, AC +4
a: no special abilities


You were in a sewer.
You were hungry.

You visited 1 branch of the dungeon, and saw 3 of its levels.
You also visited: Sewer.

You collected 103 gold pieces.

Inventory:

Hand Weapons
 f - a +0 club (weapon)
Missiles
 b - 123 stones (quivered)
Armour
 a - a +0 robe (worn)
Jewellery
 o - a +3 ring of protection (left hand)
Scrolls
 g - a scroll of random uselessness {unknown}
 l - a scroll of remove curse {unknown}
 n - 3 scrolls of teleportation {unknown}
 r - 2 scrolls of magic mapping {unknown}
 s - 3 scrolls of fog {unknown}
 y - 3 scrolls of recharging
Potions
 e - 3 potions of lignification
 j - 2 potions of flight
 m - a potion of might
 p - 2 potions of mutation {unknown}
 u - a potion of brilliance {unknown}
 v - 2 potions of heal wounds {unknown}
 w - a potion of haste {unknown}
 x - a potion of agility {unknown}
Books
 c - a book of Geomancy

   Spells                             Type                      Level
   a - Sandblast                      Earth                        1
   b - Passwall                       Transmutation/Earth          2
   c - Stone Arrow                    Conjuration/Earth            3
   d - Petrify                        Transmutation/Earth          4
   e - Lee's Rapid Deconstruction     Earth                        5
Comestibles
 d - a bread ration
 h - a chunk of flesh
 k - a slice of pizza
 q - a meat ration


   Skills:
 * Level 2.9 Fighting
 - Level 1.5 Dodging
 - Level 2.1 Stealth
 - Level 3.9 Spellcasting
   Level 0.7 Transmutations
 * Level 5.9 Earth Magic


You had 11 spell levels left.
You knew the following spells:

 Your Spells              Type           Power        Failure   Level  Hunger
a - Sandblast             Erth           ###...       1%          1    None


Dungeon Overview and Level Annotations

Branches:
Dungeon (3/15)

Altars:


Innate Abilities, Weirdness & Mutations

You are resistant to torment.
Your stone body is resilient (AC +4).
You are immune to poison.
You resist negative energy.
You are resistant to electric shocks.
You can survive without breathing.
You are immune to petrification.
You are immune to rotting.


Message History

The ball python bites you but does no damage.
* * * LOW HITPOINT WARNING * * *
The ball python constricts you. The giant frog hits you.
* * * LOW HITPOINT WARNING * * *
The giant newt bites you but does no damage.
The giant frog hits you but does no damage.
Casting: Sandblast
Confirm with . or Enter, or press ? or * to list all spells.
Aiming: Sandblast
Press: ? - help, Shift-Dir - straight line, f - giant frog
Aim: a giant frog The blast of sand hits the giant frog.
The giant frog is heavily wounded.
The giant frog hits you.
* * * LOW HITPOINT WARNING * * *
The ball python bites you but does no damage.
The ball python constricts you. The giant frog barely misses you.
The giant newt bites you but does no damage.
The giant frog hits you.
You die...

########################
###.≈≈≈≈≈≈≈≈≈≈≈≈≈≈≈≈≈....#
##....≈≈≈≈≈≈≈≈≈≈≈≈≈≈≈≈.....
#.....≈≈≈≈≈≈≈≈≈≈FS≈≈≈≈≈....
.....≈≈≈≈≈≈≈≈÷≈≈@F≈≈≈≈≈...F
......≈≈≈≈≈≈≈≈≈≈≈l≈≈≈≈≈....
.....≈≈≈≈≈≈≈≈≈≈≈≈≈≈≈≈≈....#
....#####################+#
...#### ...'..# ..##..#
(.##### .(.#


You could see 2 giant frogs, a ball python and a giant newt.

Vanquished Creatures
  Ijyb (D:2)
  6 river rats
  9 adders
  3 oozes (Sewer)
  2 worms (D:3)
  3 dart slugs
  A giant gecko (D:1)
  An orc (D:3)
  2 giant cockroaches
  13 goblins
  6 hobgoblins
  8 jackals
  2 kobolds
  14 ball pythons
  9 bats
  5 giant newts
  32 rats
117 creatures vanquished.

Notes
Turn   | Place    | Note
--------------------------------------------------------------
     0 | D:1      | atgrul the Gargoyle Earth Elementalist began the quest for the Orb.
     0 | D:1      | Reached XP level 1. HP: 10/10 MP: 3/3
   422 | D:1      | Reached XP level 2. HP: 16/16 MP: 5/5
   438 | D:1      | Reached skill level 1 in Fighting
   610 | D:1      | Reached skill level 4 in Earth Magic
  1111 | D:1      | Reached XP level 3. HP: 20/20 MP: 3/6
  1337 | D:2      | Noticed Ijyb
  1373 | D:2      | Killed Ijyb
  1386 | D:2      | Reached XP level 4. HP: 26/26 MP: 2/7
  1634 | D:2      | Found a faded altar to an unknown god.
  2014 | D:2      | Reached skill level 5 in Earth Magic
  2467 | D:3      | Reached XP level 5. HP: 30/30 MP: 6/9
  2674 | D:3      | Found a glowing drain.
  2805 | Sewer    | Entered a sewer
  3966 | Sewer    | Reached XP level 6. HP: 32/36 MP: 6/11
  4393 | Sewer    | Slain by a giant frog

Skill      XL: |  1  2  3  4 |
---------------+-------------+-----
Fighting       | 1 2 |  2.9
Earth Magic    | 4 5 |  5.9
Spellcasting   | 3 |  3.9
Dodging        | |  1.5
Stealth        | |  2.1
Transmutations | |  0.7

Action                   |  1- 3 |  4- 6 || total
-------------------------+-------+-------++-------
Melee: Unarmed           |     5 |       ||     5
       Club              |    64 |   138 ||   202
Throw: Stone             |    10 |    48 ||    58
 Cast: Sandblast         |    32 |   155 ||   187
  Use: Scroll            |       |     4 ||     4
       Potion            |       |     3 ||     3
 Stab: Sleeping          |     1 |     2 ||     3
  Eat: Chunk             |     2 |    10 ||    12
Armor: Robe              |    32 |   148 ||   180
Dodge: Dodged            |    54 |   264 ||   318
